 Dungeon Crawl Stone Soup version 0.31-a0-1616-gbeaec30 (webtiles) character file.

Game seed: 5356929112785506382

16 PidgeyThePirate the Ducker (level 2, 22/22 HPs)
             Began as a Demonspawn Gladiator on Jan 10, 2024.
             Got out of the dungeon alive.
             The game lasted 00:01:07 (323 turns).

PidgeyThePirate the Ducker (Demonspawn Gladiator)    Turns: 323, Time: 00:01:08

Health: 22/22      AC:  3    Str: 14    XL:     2   Next: 41%
Magic:  2/2        EV: 12    Int:  8    God:
Gold:   12         SH:  0    Dex: 14    Spells: 1/1 levels left

rFire   . . .        a - +0 rapier
rCold   . . .        (no shield)
rNeg    . . .        b - +0 leather armour
rPois   .            (helmet restricted)
rElec   .            (no cloak)
rCorr   .            (no gloves)
SInv    .            (no boots)
Will    .....        (no amulet)
Stlth   +            (no ring)
HPRegen 0.23/turn    (no ring)
MPRegen 0.08/turn

%: no passive effects
@: no status effects
A: antennae 1
a: no special abilities


You escaped.
You visited 1 branch of the dungeon, and saw 1 of its levels.

You collected 12 gold pieces.

Inventory:

Hand Weapons
 a - a +0 rapier (weapon)
Missiles
 d - 3 throwing nets (quivered)
 e - a javelin
Armour
 b - a +0 leather armour (worn)
 c - a +0 helmet
Potions
 f - a potion of magic {unknown}


   Skills:
 + Level 2.0 Fighting
 * Level 3.0 Short Blades
 + Level 1.7 Throwing
 + Level 3.1 Dodging
 * Level 0.6 Invocations


You had one spell level left.
You didn't know any spells.
Your spell library was empty.

Dungeon Overview and Level Annotations

Branches:
Dungeon (1/15)

Altars:


Innate Abilities, Weirdness & Mutations

You have a pair of small antennae on your head.


Message History

Things that are here:
a +0 short sword; a dart slug corpse; a kobold corpse You hit the dart slug.
The dart slug is moderately wounded.
The dart slug launches a dart at you. The slug dart misses you.
You hit the dart slug.
The dart slug is severely wounded.
You hit the dart slug.
You kill the dart slug!
Your Short Blades skill increases to level 3!
You hit the hobgoblin.
You kill the hobgoblin!
You see here a hobgoblin corpse.
You now have 10 gold pieces.
A frilled lizard comes into view.
Found 2 gold pieces.
The frilled lizard misses you.
You miss the frilled lizard. The frilled lizard closely misses you.
You puncture the frilled lizard!
You kill the frilled lizard!
You see here a frilled lizard corpse.
You now have 12 gold pieces (gained 2).
You open the door.
There is an open door here.
There is an open door here.
You see here a hobgoblin corpse.
Things that are here:
a +0 short sword; a dart slug corpse; a kobold corpse You see here a +0 whip.
An endoplasm is nearby!
The endoplasm quivers.
You puncture the endoplasm!
You kill the endoplasm!
You open the door.
There is an open door here.
You see here a +0 plate armour.
There is a stone staircase leading down here.
There is a staircase leading out of the dungeon here.
You can't go down here!
You have escaped!

..#. ###### ... ..>...
#.#######.#....
###..............
.....≈≈≈≈≈≈≈.....
####.≈.....≈.....
#....≈.....≈..#
#.≈≈.≈.≈≈..≈..#
.#.≈..≈.@≈..≈..#
...≈..≈..≈..≈..#
.#.≈..≈≈.≈.≈≈..#
#.≈.....≈...%.#
#.≈.....≈.#...#
#.≈≈≈≈≈≈≈.#.###
#.........#.#
##############.......#
....#..).###...#######


There were no monsters in sight!

Vanquished Creatures
  3 dart slugs (D:1)
  A bat (D:1)
  An endoplasm (D:1)
  A hobgoblin (D:1)
  A quokka (D:1)
  A frilled lizard (D:1)
  3 kobolds (D:1)
11 creatures vanquished.

Notes
Turn   | Place    | Note
-------+----------+-------------------------------------------
     0 | D:1      | PidgeyThePirate the Demonspawn Gladiator began the quest
                  | for the Orb.
     0 | D:1      | Reached XP level 1. HP: 16/16 MP: 1/1
   153 | D:1      | Gained mutation: You have a pair of small antennae on your
                  | head. [demonic ancestry]
   153 | D:1      | Reached XP level 2. HP: 15/22 MP: 2/2
   323 | D:$      | Got out of the dungeon alive.

Illustrated notes

Levels and vault maps discovered:
D:1:      ebering_hopf_link, layout_basic

Skill      XL: |  1  2 |
---------------+-------+-----
Dodging        | 3 |  3.1
Short Blades   | 3 |  3.0
Fighting       | |  2.0
Throwing       | |  1.7
Invocations    | |  0.6

Action                     || total
---------------------------++-------
  Melee: Rapier            ||    34
 Armour: Leather armour    ||    18
  Dodge: Dodged            ||    21

Table legend: (Time is in decaauts)
 A = Elapsed time spent in this place.
 B = Non-inter-level travel time spent in this place.
 C = Inter-level travel time spent in this place.
 D = Time resting spent in this place.
 E = Time spent auto-exploring this place.
 F = Levels seen in this place.
 G = Mean time per level.
                   A        B        C        D        E       F      G
               +--------+--------+--------+--------+--------+-----+--------+
         Total |    324 |    282 |     42 |      0 |    184 |   1 |  324.0 |
       Dungeon |    324 |    282 |     42 |      0 |    184 |   1 |  324.0 |
               +--------+--------+--------+--------+--------+-----+--------+

Top non-repeatable levels by time:
     D:1: 324 daAuts
